 Dungeon Crawl Stone Soup version 0.31-a0-232-gb1c03b2570 (webtiles) character file.

Game seed: 3872016897667513159

718 qw the Shooter (level 7, -2/43 HPs)
             Began as a Gargoyle Hexslinger on July 7, 2023.
             Slain by a gnoll
             ... wielding a +0 spear
              (4 damage)
             ... on level 6 of the Dungeon.
             The game lasted 00:02:05 (4010 turns).

qw the Shooter (Gargoyle Hexslinger)                Turns: 4010, Time: 00:02:05

Health: -2/43      AC: 14    Str: 12    XL:     7   Next: 70%
Magic:  8/8        EV: 11    Int: 13    God:
Gold:   183        SH:  0    Dex: 14    Spells: 7/8 levels left

rFire   . . .        Y - +1 sling
rCold   + . .        (no shield)
rNeg    + . .        e - +2 leather armour {rC+}
rPois   inf          b - +0 helmet
rElec   +            d - +0 cloak
rCorr   .            i - +0 pair of gloves
SInv    +            p - +0 pair of boots
Will    .....        r - amulet of faith
Stlth   +            m - ring of see invisible
HPRegen 0.27/turn    (no ring)
MPRegen 0.11/turn

%: clarity, faith
@: about to teleport
A: sickness immunity, AC +4, negative energy resistance 1, electricity
resistance, torment resistance 1, petrification resistance, clarity
a: no special abilities


You were on level 6 of the Dungeon.
You visited 1 branch of the dungeon, and saw 6 of its levels.

You collected 232 gold pieces.
You spent 49 gold pieces at shops.


Innate Abilities, Weirdness & Mutations

You are immune to sickness and miasma.
Your stone body is resilient. (AC +4)
You are immune to poison.
You resist negative energy. (rN+)
You are resistant to electric shocks. (rElec)
You are resistant to unholy torment.
You are immune to petrification.
You possess an exceptional clarity of mind.


   Skills:
 - Level 4.2 Fighting
 + Level 7.1 Ranged Weapons
 - Level 2.3 Armour
 - Level 1.5 Dodging
 - Level 1.0 Spellcasting
 - Level 2.6 Hexes


You had 7 spell levels left.
You knew the following spells:

 Your Spells              Type           Power      Damage    Failure   Level
a - Slow                  Hex            28%        N/A       12%         1

Your spell library contained the following spells:

 Spells                   Type           Power      Damage    Failure   Level
 Inner Flame              Hex/Fire       4%         N/A       52%         3
 Portal Projectile        Hex/Tloc       8%         N/A       52%         3
 Cause Fear               Hex            3%         N/A       75%         4

Inventory:

Hand Weapons
 Y - a +1 sling (weapon)
Armour
 b - a +0 helmet (worn)
 d - a +0 cloak (worn)
 e - a +2 leather armour of cold resistance (worn)
 i - a +0 pair of gloves (worn)
 p - a +0 pair of boots (worn)
Jewellery
 m - a ring of see invisible (left hand)
 n - an amulet of regeneration
 r - an amulet of faith (around neck)
Scrolls
 c - a scroll of identify
 l - a scroll of teleportation
Potions
 a - a potion of enlightenment
 f - a potion of cancellation
 g - a potion of mutation
 h - 2 potions of haste
 j - a potion of lignification {unknown}
 k - 4 potions of curing
 o - a potion of might {unknown}
 q - a potion of invisibility {unknown}
 s - a potion of degeneration {unknown}

Dungeon Overview and Level Annotations

Branches:
Dungeon (6/15)
 Temple: D:4-7

Altars:
Qazlal
Vehumet
Xom
The Shining One

Shops:
D:2 ![:=

Annotations:
D:3 2 runed translucent doors, Crazy Yiuf; qw's ghost, weakling MiHs


Message History

The orc wizard hits you but does no damage.
You shoot a sling bullet.
The sling bullet hits the orc wizard but does no damage.
The orc wizard is almost dead.
The orc wizard gestures at you while chanting.
The puff of flame hits you! The gnoll closely misses you.
The gnoll hits you from afar with a +0 spear!
You shoot a sling bullet.
The sling bullet barely misses the orc wizard.
The sling bullet hits the gnoll.
The gnoll is lightly wounded.
The orc hits you but does no damage.
The gnoll hits you from afar with a +0 spear.
The orc wizard casts a spell at you. The magic dart hits you.
The gnoll hits you but does no damage.
You shoot a sling bullet.
The sling bullet closely misses the orc wizard.
The sling bullet barely misses the gnoll.
The orc wizard points at you and mumbles some strange words.
The puff of flame hits you! The gnoll hits you but does no damage.
The gnoll completely misses you.
4008 ||| READING 2 scrolls of teleportation.
As you read the scroll of teleportation, it crumbles to dust.
You feel strangely unstable. The orc misses you.
The orc wizard hits you but does no damage. x2
The gnoll closely misses you. x2; The gnoll barely misses you.
You shoot a sling bullet. The sling bullet hits the orc wizard!
You kill the orc wizard!
The orc wizard hits you but does no damage.
The orc hits you but does no damage. The gnoll hits you but does no damage.
The gnoll hits you from afar with a +0 spear.
The gnoll hits you from afar with a +0 halberd.
The orc wizard hits you but does no damage.
You shoot a sling bullet.
The sling bullet closely misses the orc wizard.
The sling bullet hits the gnoll but does no damage.
The orc barely misses you. The gnoll barely misses you.
The gnoll hits you from afar with a +0 spear.
You die...

########### #....##...#
#...
#....##...#######...
#....''...+.....+...
#g)@.##...#.....#...
...)ogoo.##...#.....#...
.....g..................
........................
......................./
.......##...............
....... +............##.
.#...#. #.........#.....
##+##...###..#..


You could see an orc wizard (invisible), 3 gnolls and 2 orcs.

Vanquished Creatures
  A sky beast (D:4)
  An ogre (D:5)
  A phantom (D:4)
  A bullfrog (D:6)
  A scorpion (D:5)
  A hound (D:6)
  An orc priest (D:3)
  A jelly (D:4)
  An iguana (D:5)
  An orc wizard (D:6)
  8 adders
  3 ufetubi
  3 worms
  4 dart slugs
  13 orcs
  6 bats
  7 endoplasms
  2 giant cockroaches (D:3)
  8 goblins
  13 hobgoblins
  2 jackals (D:1)
  5 quokkas
  3 ball pythons
  3 frilled lizards
  8 kobolds
  11 rats
109 creatures vanquished.

Notes
Turn   | Place    | Note
-------+----------+-------------------------------------------
     0 | D:1      | qw the Gargoyle Hexslinger began the quest for the Orb.
     0 | D:1      | Reached XP level 1. HP: 12/12 MP: 2/2
     0 | D:1      | 0 ||| qw: Version: 0.3-a-46-gb1f654a
     0 | D:1      | 0 ||| qw: Game counter: 2560
     0 | D:1      | 0 ||| qw: Melee chars always use a shield: true
     0 | D:1      | 0 ||| qw: God list: Okawaru
     0 | D:1      | 0 ||| qw: Allow faded altars: false
     0 | D:1      | 0 ||| qw: Do Orc after clearing Dungeon:15 true
     0 | D:1      | 0 ||| qw: Do second Lair branch before Depths: true
     0 | D:1      | 0 ||| qw: Lair rune preference: random
     0 | D:1      | 0 ||| qw: Goals: Normal
     0 | D:1      | 0 ||| PLANNING D:1-11
    67 | D:1      | Reached XP level 2. HP: 16/16 MP: 3/3
   121 | D:1      | Reached skill level 3 in Ranged Weapons
   149 | D:1      | 149 ||| FLEEEEING.
   150 | D:1      | 150 ||| FLEEEEING.
   151 | D:1      | 151 ||| FLEEEEING.
   152 | D:1      | 152 ||| FLEEEEING.
   153 | D:1      | 153 ||| FLEEEEING.
   154 | D:1      | 154 ||| FLEEEEING.
   162 | D:1      | 162 ||| FLEEEEING.
   163 | D:1      | 163 ||| FLEEEEING.
   164 | D:1      | 164 ||| FLEEEEING.
   165 | D:1      | 165 ||| FLEEEEING.
   223 | D:1      | Reached XP level 3. HP: 21/21 MP: 4/4
   511 | D:1      | 511 ||| UPGRADING to +0 pair of gloves.
   516 | D:1      | 516 ||| UPGRADING to ring of see invisible.
   517 | D:1      | 517 ||| READING scroll labelled ARIADENOAF.
   518 | D:1      | 518 ||| READING scroll labelled HEYSUARILA.
   519 | D:1      | 519 ||| READING scroll labelled WOYKIPLUU.
   520 | D:1      | 520 ||| READING scroll labelled GIZXO TILAANG.
   621 | D:1      | 621 ||| READING scroll labelled KAHAGGI WIKKAT.
   622 | D:1      | 622 ||| READING scroll labelled YXONGI LISUTY.
   638 | D:1      | 638 ||| DRINKING 2 lumpy blue potions.
   639 | D:1      | 639 ||| DROPPING scroll of poison.
   640 | D:1      | 640 ||| DROPPING potion of brilliance.
   719 | D:2      | Found Afecuru's Book Boutique.
   880 | D:2      | Found Rohiden's Jewellery Shop.
   887 | D:2      | 887 ||| SHOPLISTING amulet of faith (440 gold, have 47).
   887 | D:2      | 887 ||| SHOPLISTING amulet of reflection (330 gold, have
                  | 47).
   887 | D:2      | 887 ||| SHOPLISTING amulet of the acrobat (330 gold, have
                  | 47).
   887 | D:2      | 887 ||| SHOPLISTING ring of positive energy (220 gold, have
                  | 47).
   887 | D:2      | 887 ||| SHOPLISTING ring of protection from fire (275 gold,
                  | have 47).
   887 | D:2      | 887 ||| SHOPLISTING ring of resist corrosion (220 gold,
                  | have 47).
   887 | D:2      | 887 ||| SHOPLISTING ring of willpower (275 gold, have 47).
  1056 | D:2      | Found Oximmuk's Armour Emporium.
  1070 | D:2      | 1070 ||| BUYING +0 cloak (49 gold).
  1070 | D:2      | Bought a +0 cloak for 49 gold pieces
  1070 | D:2      | 1070 ||| SHOPLISTING +0 ring mail (44 gold, have 7).
  1070 | D:2      | 1070 ||| SHOPLISTING +2 leather armour of Vigonua {rPois
                  | Will+ Dex-2 SInv} (316 gold, have 7).
  1070 | D:2      | 1070 ||| SHOPLISTING +3 leather armour of Hopscotch {rF+
                  | Int+4} (433 gold, have 7).
  1133 | D:2      | Reached XP level 4. HP: 23/26 MP: 5/5
  1214 | D:2      | Reached skill level 4 in Ranged Weapons
  1587 | D:2      | Found Xegi's Distillery.
  1596 | D:2      | 1596 ||| SHOPLISTING 2 potions of heal wounds (120 gold,
                  | have 17).
  1596 | D:2      | 1596 ||| SHOPLISTING potion of enlightenment (60 gold, have
                  | 17).
  1596 | D:2      | 1596 ||| SHOPLISTING potion of heal wounds (60 gold, have
                  | 17).
  1596 | D:2      | 1596 ||| SHOPLISTING potion of resistance (120 gold, have
                  | 17).
  1681 | D:2      | 1681 ||| UPGRADING to +0 helmet.
  1686 | D:2      | 1686 ||| UPGRADING to +0 cloak.
  1691 | D:2      | 1691 ||| READING scroll labelled BIXEMAOFINE.
  1692 | D:2      | 1692 ||| DRINKING 2 bubbling golden potions.
  1693 | D:2      | 1693 ||| DRINKING 3 viscous sapphire potions.
  1694 | D:2      | 1694 ||| DRINKING 2 golden potions.
  1738 | D:3      | 1738 ||| PLANNING SEWER
  1891 | D:3      | Found a runed translucent door.
  1892 | D:3      | Noticed Crazy Yiuf
  2039 | D:3      | HP: 1/26 [orc priest/divine providence (11)]
  2042 | D:3      | Reached XP level 5. HP: 1/30 MP: 6/6
  2052 | D:3      | 2052 ||| FLEEEEING.
  2053 | D:3      | 2053 ||| FLEEEEING.
  2059 | D:3      | 2059 ||| STAIRDANCE
  2155 | D:2      | 2155 ||| UPGRADING to +0 pair of boots.
  2160 | D:2      | 2160 ||| UPGRADING to amulet of regeneration.
  2165 | D:2      | 2165 ||| DROPPING amulet of magic regeneration.
  2166 | D:2      | 2166 ||| READING scroll labelled WEUPSIXK LEGI.
  2167 | D:2      | 2167 ||| READING scroll labelled WIJACZ POZOISO.
  2171 | D:2      | 2171 ||| READING scroll labelled JIDOUJUVVU.
  2350 | D:3      | Found a runed translucent door.
  2350 | D:3      | Noticed qw's ghost (weakling MiHs)
  2350 | D:3      | Noticed a centaur
  2435 | D:3      | 2435 ||| RIP SEWER
  2440 | D:3      | 2440 ||| PLANNING D:1-11
  2440 | D:3      | 2440 ||| Stepping ~*~*~tactically~*~*~ (water).
  2461 | D:3      | Reached skill level 1 in Armour
  2544 | D:3      | 2544 ||| UPGRADING to +2 leather armour of cold resistance.
  2554 | D:3      | 2554 ||| DROPPING +0 robe.
  2609 | D:4      | Found a stormy altar of Qazlal.
  2609 | D:4      | Noticed a sky beast
  2627 | D:4      | Killed a sky beast
  2628 | D:4      | Reached skill level 5 in Ranged Weapons
  2628 | D:4      | Reached XP level 6. HP: 28/35 MP: 7/7
  3225 | D:4      | Reached skill level 3 in Fighting
  3242 | D:4      | Reached skill level 6 in Ranged Weapons
  3375 | D:4      | 3375 ||| DRINKING 2 metallic ruby potions.
  3375 | D:4      | Gained mutation: You possess an exceptional clarity of
                  | mind. [potion of mutation]
  3376 | D:4      | 3376 ||| READING 3 scrolls of identify.
  3376 | D:4      | 3376 ||| IDENTIFYING clear potion
  3377 | D:4      | 3377 ||| READING 2 scrolls of identify.
  3377 | D:4      | 3377 ||| IDENTIFYING amethyst potion
  3378 | D:4      | 3378 ||| DROPPING potion of magic.
  3394 | D:5      | Entered Level 5 of the Dungeon
  3417 | D:5      | Reached XP level 7. HP: 16/43 MP: 8/8
  3712 | D:5      | Found a shimmering altar of Xom.
  3715 | D:5      | Found a radiant altar of Vehumet.
  3715 | D:5      | Found a glowing golden altar of the Shining One.
  3851 | D:5      | 3851 ||| DROPPING scarf of harm.
  3852 | D:5      | 3852 ||| UPGRADING to amulet of faith.
  3862 | D:5      | 3862 ||| DRINKING 2 lumpy cyan potions.
  3863 | D:5      | 3863 ||| DROPPING potion of attraction.
  3906 | D:6      | Reached skill level 7 in Ranged Weapons
  4007 | D:6      | HP: 7/43 [orc wizard/puff of flame (7)]
  4008 | D:6      | 4008 ||| READING 2 scrolls of teleportation.
  4009 | D:6      | HP: 2/43 [gnoll/+0 halberd (4)]
  4010 | D:6      | Slain by a gnoll

Levels and vault maps discovered:
D:1:      amcnicky_arrival_blooded_trapdoor, layout_rooms,
          chequers_hall_statues_wall_a
D:2:      layout_basic, serial_shops, shop, shop, shop, shop, kennysheep_donut,
          minivault_4, grunt_ministairs_11
D:3:      layout_rooms, gup_sewer_entry_spiral, ebering_ghost_inner_flame,
          uniq_crazy_yiuf_cottage
D:4:      layout_gridville, nicolae_qazlal_beasts_of_the_sky,
          chequers_serial_rivers_micro_c
D:5:      layout_cave_pools, grunt_temple_overflow_open
D:6:      layout_basic, lemuel_coloured_pillars_altar, grunt_dithmenos_smoke,
          kennysheep_opposing_triangles, uniq_grinder

Skill      XL: |  1  2  3  4  5  6  7 |
---------------+----------------------+-----
Ranged Weapons | 3 4 5 6 7 |  7.1
Fighting       | 2 4 |  4.2
Armour         | 1 2 |  2.3
Dodging        | |  1.5
Spellcasting   | |  1.0
Hexes          | |  2.6

Action                     |  1- 3 |  4- 6 |  7- 9 || total
---------------------------+-------+-------+-------++-------
   Fire: Sling             |    90 |   275 |   109 ||   474
    Use: Scroll            |     6 |     6 |     1 ||    13
         Potion            |     1 |     4 |     1 ||     6
 Armour: Robe              |     8 |    25 |       ||    33
         Leather armour    |       |    36 |    46 ||    82
  Dodge: Dodged            |    15 |    86 |    58 ||   159

Table legend:
 A = Non-vault XP
 B = Vault XP
 C = Vault XP percentage of total XP
 D = Non-vault monster count
 E = Vault monster count
 F = Vault count percentage of total count
                 A         B        C        D         E       F
            +---------+---------+-------+---------+---------+-------
      Total |     875 |     152 |  14.8 |      98 |      11 |  10.1
            +---------+---------+-------+---------+---------+-------
        D:1 |      50 |       0 |   0.0 |      26 |       0 |   0.0
        D:2 |      59 |       5 |   7.8 |      16 |       2 |  11.1
        D:3 |      79 |      20 |  20.2 |      16 |       8 |  33.3
        D:4 |     215 |     127 |  37.1 |      23 |       1 |   4.2
        D:5 |     286 |       0 |   0.0 |      12 |       0 |   0.0
        D:6 |     186 |       0 |   0.0 |       5 |       0 |   0.0
            +---------+---------+-------+---------+---------+-------
